 Dungeon Crawl Stone Soup version 0.27-a0-951-gae3e1deef5 (webtiles) character file.

Game seed: 17828368347414782236

18 Alarkh the Insei (level 2, 21/21 HPs)
             Began as a Demonspawn Transmuter on Apr 11, 2021.
             Got out of the dungeon alive.
             The game lasted 00:01:32 (1277 turns).

Alarkh the Insei (Demonspawn Transmuter)            Turns: 1277, Time: 00:01:33

Health: 21/21      AC:  3    Str: 10    XL:     2   Next: 51%
Magic:  5/5        EV: 12    Int: 14    God:
Gold:   27         SH:  0    Dex: 13    Spells: 4/5 levels left

rFire    . . .     SeeInvis .     - Unarmed
rCold    . . .     Faith    +   (no shield)
rNeg     . . .     Spirit   .   a - +0 robe
rPois    .         Reflect  .   (no helmet)
rElec    .         Harm     .   (no cloak)
rCorr    .         Rampage  .   (no gloves)
Will     .....                  (no boots)
Stlth    +.........             c - amulet of faith
HPRegen  0.07/turn              (no ring)
MPRegen  0.09/turn              (no ring)

@: no status effects
A: rugged brown scales 1
a: no special abilities


You escaped.
You visited 1 branch of the dungeon, and saw 1 of its levels.

You collected 27 gold pieces.

Inventory:

Armour
 a - a +0 robe (worn)
Jewellery
 c - an amulet of faith (around neck)
Scrolls
 b - a scroll of vulnerability {unknown}
 d - a scroll of enchant weapon {unknown}
 e - a scroll of identify {unknown}


   Skills:
 + Level 1.3 Fighting
 - Level 1.7 Dodging
 * Level 3.1 Unarmed Combat
 + Level 2.2 Spellcasting
 + Level 2.0 Transmutations


You had 4 spell levels left.
You knew the following spells:

 Your Spells              Type           Power      Damage    Failure   Level
a - Beastly Appendage     Tmut           14%        N/A       10%         1

Your spell library contained the following spells:

 Spells                   Type           Power      Damage    Failure   Level
 Wereblood                Tmut           7%         N/A       16%         2
 Spider Form              Tmut/Pois      2%         N/A       43%         3
 Ice Form                 Ice/Tmut       4%         N/A       83%         4
 Hydra Form               Tmut           3%         N/A       95%         5


Dungeon Overview and Level Annotations

Branches:
Dungeon (1/15)

Altars:


Innate Abilities, Weirdness & Mutations

You are partially covered in rugged brown scales. (AC +1, +3% HP)


Message History

No target in view!
No target in view!
No target in view!
No target in view!
No target in view!
No target in view!
No target in view!
Things that are here:
a +0 dagger; 4 stones
There is an open door here.
You enter the shallow water.
Moving in this stuff is going to be slow.
You enter the shallow water.
Moving in this stuff is going to be slow.
You enter the shallow water.
Moving in this stuff is going to be slow.
You enter the shallow water.
Moving in this stuff is going to be slow.
Key pressed, stopping explore.
You enter the shallow water.
Moving in this stuff is going to be slow.
There is an open door here.
Things that are here:
a +0 dagger; 4 stones
There is a stone staircase leading down here.
Key pressed, stopping explore.
Found a stone staircase leading down.
No target in view!
(D) Dungeon
Where to? (Enter - D:1 @ (x,y), ? - help)
Okay, then.
There is a stone staircase leading down here.
You see here a +0 dagger.
Things that are here:
a +0 dagger; 4 stones
There is an open door here.
There is an open door here.
There is a staircase leading out of the dungeon here.
Are you sure you want to leave the Dungeon?
This will make you lose the game!
You have escaped!

#≈.♣≈≈P♣♣≈≈♣P≈
#≈..≈≈PPP≈≈P♣≈
#≈♣P≈≈♣♣P≈≈P♣≈
#≈P.≈≈.♣P≈≈.♣≈
#≈P♣≈≈PP.≈≈P.≈
#####≈♣.≈≈≈≈≈≈≈♣.≈
#...#≈PP≈.....≈♣.≈
#...#≈≈≈≈.###.≈≈≈≈
#@..'.....#§#.....
#...#≈≈≈≈.###.≈≈≈≈
#...#≈.P≈.....≈♣P≈
#####≈.♣≈≈≈≈≈≈≈PP≈
#≈..≈≈..P≈≈♣.≈
#≈PP≈≈PP♣≈≈♣♣≈
#≈♣.≈≈♣♣♣≈≈P♣≈
#≈P.≈≈.P♣≈≈♣.≈
#≈♣P≈≈♣♣P≈≈P♣≈


There were no monsters in sight!

Vanquished Creatures
  2 endoplasms (D:1)
  3 hobgoblins (D:1)
  4 jackals (D:1)
  2 bats (D:1)
  A frilled lizard (D:1)
  A kobold (D:1)
  5 rats (D:1)
18 creatures vanquished.

Vanquished Creatures (others)
  2 plants (D:1)
2 creatures vanquished.

Grand Total: 20 creatures vanquished

Notes
Turn   | Place    | Note
-------+----------+-------------------------------------------
     0 | D:1      | Alarkh the Demonspawn Transmuter began the quest for the
                  | Orb.
     0 | D:1      | Reached XP level 1. HP: 15/15 MP: 3/3
   365 | D:1      | Found a faded altar of an unknown god.
   490 | D:1      | Gained mutation: You are partially covered in rugged brown
                  | scales. (AC +1, +3% HP) [demonic ancestry]
   490 | D:1      | Reached XP level 2. HP: 9/21 MP: 3/5
   498 | D:1      | Reached skill level 3 in Unarmed Combat
  1277 | D:$      | Got out of the dungeon alive.

Illustrated notes

Levels and vault maps discovered:
D:1:      lightli_arrival_farm, layout_basic,
          shapermc_ecumenical_altar_totnotflames, serial_forest,
          infiniplex_forest_lined_room_, infiniplex_forest_end_3,
          infiniplex_forest_clump_tiny, infiniplex_forest_straight_3,
          infiniplex_forest_clump_medium, infiniplex_forest_clump_medium,
          infiniplex_forest_end_1, infiniplex_forest_end_3

Skill      XL: |  1  2 |
---------------+-------+-----
Unarmed Combat | 3 |  3.1
Transmutations | 2 |  2.0
Fighting       | |  1.3
Dodging        | |  1.7
Spellcasting   | |  2.2

Action                   || total
-------------------------++-------
Melee: Unarmed           ||    63
       Kick              ||     3
       Headbutt          ||     1
 Cast: Beastly Appendage ||     9
 Stab: Sleeping          ||     1
Armor: Robe              ||    17
Dodge: Dodged            ||    45

Table legend: (Time is in decaauts)
 A = Elapsed time spent in this place.
 B = Non-inter-level travel time spent in this place.
 C = Inter-level travel time spent in this place.
 D = Time resting spent in this place.
 E = Time spent auto-exploring this place.
 F = Levels seen in this place.
 G = Mean time per level.
                   A        B        C        D        E       F      G
               +--------+--------+--------+--------+--------+-----+--------+
         Total |   1298 |   1170 |    128 |    183 |    838 |   1 | 1298.0 |
       Dungeon |   1298 |   1170 |    128 |    183 |    838 |   1 | 1298.0 |
               +--------+--------+--------+--------+--------+-----+--------+

Top non-repeatable levels by time:
     D:1: 1298 daAuts
